 Dungeon Sprint DCSS version 0.30-a0-738-g116ff8c4af (webtiles) character file.

Game seed: 1508952454513343450

28 valliere the Conjurer (level 2, -2/23 HPs)
             Began as a Demigod Conjurer on Feb 3, 2023.
             Slain by a human (5 damage)
             ... in the Dungeon (Sprint III: "The Ten Rune Challenge").
             The game lasted 00:00:46 (167 turns).

valliere the Conjurer (Demigod Conjurer)             Turns: 167, Time: 00:00:46

Health: -2/23      AC:  2    Str:  8    XL:     2   Next: 78%
Magic:  0/7        EV: 12    Int: 20    God:
Gold:   0          SH:  0    Dex: 12    Spells: 2/5 levels left

rFire   . . .      SeeInvis .    j - +0 club
rCold   . . .      Faith    .    (no shield)
rNeg    . . .      Spirit   .    a - +0 robe
rPois   .          Reflect  .    (no helmet)
rElec   .          Harm     .    (no cloak)
rCorr   .          Rampage  .    (no gloves)
Will    .....      NoTele   +    (no boots)
Stlth   ++                       (no amulet)
HPRegen 0.23/turn                (no ring)
MPRegen 0.10/turn                (no ring)

@: no status effects
A: high MP 1, forlorn, divine attributes
a: no special abilities


You were in the Dungeon.
You visited 1 branch

Inventory:

Hand Weapons
 j - a +0 club (weapon)
Armour
 a - a +0 robe (worn)
 h - a +0 chain mail
Scrolls
 g - a scroll of blinking
 i - a scroll of poison {unknown}
Potions
 b - 3 potions of magic
 c - a potion of curing
 d - a potion of heal wounds
 e - a potion of haste
 f - a potion of berserk rage


   Skills:
 * Level 1.3 Fighting
 * Level 1.3 Armour
 + Level 2.0 Dodging
 - Level 1.7 Stealth
 * Level 2.3 Spellcasting
 * Level 5.8 Conjurations


You had 2 spell levels left.
You knew the following spells:

 Your Spells              Type           Power      Damage    Failure   Level
a - Magic Dart            Conj           100%       1d8       1%          1
b - Searing Ray           Conj           50%        2d6       2%          2

Your spell library contained the following spells:

 Spells                   Type           Power      Damage    Failure   Level
 Dazzling Flash           Conj/Hex       26%        N/A       14%         3
 Fulminant Prism          Conj/Hex       6%         3d7       43%         4
 Iskenderun's Mystic Bla  Conj/Tloc      13%        2d5       43%         4


Dungeon Overview and Level Annotations

Branches:
Dungeon (1/1)


Innate Abilities, Weirdness & Mutations

You have an increased reservoir of magic. (+10% MP)
You shall have no god before yourself.
Your divine heritage dramatically boosts your attributes as you level up.


Message History

The magic dart hits the human.
The human is heavily wounded.
The human hits you but does no damage.
You hit the human.
The human is heavily wounded.
The human hits you!
* * * LOW HITPOINT WARNING * * *
You are too injured to fight recklessly!
You are too injured to fight recklessly!
You closely miss the human.
The human is heavily wounded.
The human barely misses you.
You barely miss the human. You punch the human, but do no damage.
The human is heavily wounded.
The human hits you.
* * * LOW HITPOINT WARNING * * *
You closely miss the human.
The human is heavily wounded.
The human misses you. The human barely misses you.
You barely miss the human.
The human is heavily wounded.
The human barely misses you.
You miss the human.
The human is heavily wounded.
The human closely misses you.
Casting: Magic Dart (safe; 1% risk of failure)
Confirm with . or Enter, or press ? or * to list all spells.
Aiming: Magic Dart (safe; 1% risk of failure)
Press: ? - help, Shift-Dir - straight line, f/p - human
Aim: a human (heavily wounded, 100% to hit)
The magic dart hits the human.
The human is severely wounded.
The human closely misses you.
You hit the human.
The human is severely wounded.
The human barely misses you. x2
You barely miss the human.
The human is severely wounded.
The human hits you.
You die...

▓..##.......#
▓##.##.##...# .#
##.##.###..# ..#
▓#.####.##..# ...+
▓.###..##..##
#...# ▓#.....##..#
#....#
###..##[..##.....#
##..##....#p.....#
#..###..##@# #..#
#..#### ▓▓▓▓ ▓▓▓▓


You could see a human.

Vanquished Creatures
  Jessica (D)
  An endoplasm (D)
  2 rats (D)
4 creatures vanquished.

Notes
Turn   | Place    | Note
-------+----------+-------------------------------------------
     0 | D        | valliere the Demigod Conjurer began the quest for the Orb.
     0 | D        | Reached XP level 1. HP: 14/14 MP: 5/5
     9 | D        | Reached skill level 4 in Conjurations
    89 | D        | Noticed Jessica
    93 | D        | Killed Jessica
    94 | D        | Reached skill level 1 in Fighting
    94 | D        | Reached skill level 1 in Armour
    94 | D        | Reached skill level 5 in Conjurations
    94 | D        | Reached XP level 2. HP: 23/23 MP: 2/7
   144 | D        | Learned a level 2 spell: Searing Ray
   167 | D        | Slain by a human

Illustrated notes

Levels and vault maps discovered:
D:        dungeon_sprint_mu [sprint_mu_entry_cave, sprint_mu_temple_rooms,
          sprint_mu_d1_spiders, sprint_mu_d2_genie, sprint_mu_d3_branching,
          sprint_mu_orc_legion, sprint_mu_elf_gauntlet, sprint_mu_hive_nellie,
          sprint_mu_lair_fedhas, sprint_mu_vaults_butterflies,
          sprint_mu_slime_circle, sprint_mu_swamp_cave, sprint_mu_snake_twists,
          sprint_mu_blade_basic, sprint_mu_crypt_chambers,
          sprint_mu_tomb_spiral, sprint_mu_vestibule_basic,
          sprint_mu_gehenna_hellfire, sprint_mu_dis_giant,
          sprint_mu_tartarus_statrot, sprint_mu_cocytus_islands, sprint_mu_zot1]

Skill      XL: |  1 |
---------------+----+-----
Conjurations   | 5 |  5.8
Fighting       | 1 |  1.3
Armour         | 1 |  1.3
Dodging        | 2 |  2.0
Spellcasting   | 2 |  2.3
Stealth        | |  1.7

Action                     || total
---------------------------++-------
  Melee: Club              ||    13
         Punch             ||     1
   Cast: Magic Dart        ||    13
         Searing Ray       ||     1
 Armour: Robe              ||     3
  Dodge: Dodged            ||    12

Table legend: (Time is in decaauts)
 A = Elapsed time spent in this place.
 B = Non-inter-level travel time spent in this place.
 C = Inter-level travel time spent in this place.
 D = Time resting spent in this place.
 E = Time spent auto-exploring this place.
 F = Levels seen in this place.
 G = Mean time per level.
                   A        B        C        D        E       F      G
               +--------+--------+--------+--------+--------+-----+--------+
         Total |    170 |    170 |      0 |     41 |     74 |   1 |  170.0 |
       Dungeon |    170 |    170 |      0 |     41 |     74 |   1 |  170.0 |
               +--------+--------+--------+--------+--------+-----+--------+

Top non-repeatable levels by time:
       D: 170 daAuts
